 Dungeon Crawl Stone Soup version 0.27-b1-42-g19c61b19a5 (webtiles) character file.

Game seed: 12174730521625813984

254 Papr the Stinger (level 5, -2/35 HPs)
             Began as a Demonspawn Venom Mage on July 29, 2021.
             Slain by a gnoll shaman (9 damage)
             ... on level 3 of the Dungeon on July 30, 2021.
             The game lasted 00:09:21 (3675 turns).

Papr the Stinger (Demonspawn Venom Mage)            Turns: 3675, Time: 00:09:22

Health: -2/35      AC:  2    Str:  8    XL:     5   Next: 90%
Magic:  0/8        EV: 12    Int: 18    God:
Gold:   101        SH:  0    Dex: 13    Spells: 4/8 levels left

rFire    . . .     SeeInvis .   m - +1 dagger (speed)
rCold    . . .     Faith    .   (no shield)
rNeg     . . .     Spirit   .   a - +0 robe
rPois    .         Reflect  .   (no helmet)
rElec    .         Harm     .   (no cloak)
rCorr    .         Rampage  .   (no gloves)
Will     .....                  (no boots)
Stlth    ++........             (no amulet)
HPRegen  0.11/turn              (no ring)
MPRegen  0.11/turn              (no ring)

@: very slightly contaminated
A: claws 1, ignite blood 1, demonic magic 1
a: no special abilities


You were on level 3 of the Dungeon.
You visited 1 branch of the dungeon, and saw 4 of its levels.

You collected 101 gold pieces.

Inventory:

Hand Weapons
 k - a +0 short sword
 m - a +1 dagger of speed (weapon)
Armour
 a - a +0 robe (worn)
Wands
 n - a wand of flame (17)
Scrolls
 c - a scroll of enchant weapon {unknown}
 f - a scroll of blinking
 j - a scroll of fear {unknown}
 l - a scroll of amnesia {unknown}
Potions
 d - 4 potions of curing
 e - a potion of invisibility {unknown}
 g - a potion of magic {unknown}
 h - a potion of cancellation {unknown}
 i - 2 potions of degeneration {unknown}
 o - 2 potions of heal wounds {unknown}
 p - a potion of mutation {unknown}


   Skills:
 - Level 1.9 Dodging
 - Level 2.0 Stealth
 - Level 2.1 Spellcasting
 + Level 3.1 Conjurations
 - Level 1.4 Transmutations
 + Level 2.8 Air Magic
 - Level 4.0 Poison Magic


You had 4 spell levels left.
You knew the following spells:

 Your Spells              Type           Power      Damage    Failure   Level
a - Sting                 Tmut/Pois      44%        1d5       6%          1
b - Mephitic Cloud        Conj/Pois/Air  13%        N/A       14%         3

Your spell library contained the following spells:

 Spells                   Type           Power      Damage    Failure   Level
 Poisonous Vapours        Pois/Air       28%        N/A       7%          2
 Olgreb's Toxic Radiance  Pois           16%        N/A       34%         4


Dungeon Overview and Level Annotations

Branches:
Dungeon (4/15)
 Temple: D:4-7

Altars:


Innate Abilities, Weirdness & Mutations

You have sharp fingernails.
Your demonic aura sometimes causes spilled blood to erupt in flames.
Spells you cast may paralyse adjacent enemies.


Message History

Malevolent energies surge around you.
Casting: Sting (safe; 6% risk of failure)
Confirm with . or Enter, or press ? or * to list all spells.
Aiming: Sting (safe; 6% risk of failure)
Press: ? - help, Shift-Dir - straight line, f - gnoll shaman
Aim: a gnoll shaman, wielding a +0 club and wearing a +1 leather armour of positive energy (paralysed, 100% to hit)
The sting hits the gnoll shaman.
The gnoll shaman is poisoned.
The gnoll shaman is lightly wounded.
Malevolent energies surge around you.
The gnoll shaman is no longer paralysed.
The gnoll shaman hits you with a +0 club!
You barely miss the gnoll shaman.
The gnoll shaman is lightly wounded.
Casting: Sting (safe; 6% risk of failure)
Confirm with . or Enter, or press ? or * to list all spells.
Aiming: Sting (safe; 6% risk of failure)
Press: ? - help, Shift-Dir - straight line, f/p - gnoll shaman
Aim: a gnoll shaman, wielding a +0 club and wearing a +1 leather armour of positive energy (lightly wounded, poisoned, 75% to hit)
The sting hits the gnoll shaman.
The gnoll shaman looks even sicker.
The gnoll shaman is moderately wounded.
Malevolent energies surge around you. The gnoll shaman closely misses you.
You hit the gnoll shaman but do no damage.
The gnoll shaman is lightly wounded.
The gnoll shaman hits you with a +0 club!
The gnoll shaman hits you with a +0 club.
* * * LOW HITPOINT WARNING * * *
You are no longer glowing.
The gnoll shaman looks more healthy.
Casting: Sting (safe; 6% risk of failure)
Confirm with . or Enter, or press ? or * to list all spells.
Aiming: Sting (safe; 6% risk of failure)
Press: ? - help, Shift-Dir - straight line, f/p - gnoll shaman
Aim: a gnoll shaman, wielding a +0 club and wearing a +1 leather armour of positive energy (heavily wounded, 75% to hit)
You miscast Sting.
You are very lightly contaminated with residual magic.
Nothing appears to happen.
The gnoll shaman hits you with a +0 club.
* * * LOW HITPOINT WARNING * * *
The gnoll shaman hits you with a +0 club!
You die...

##### ####### #...#
##.....########...###
#......+......#...##.
#......###....#...##.
#...@g........'...##.
#.............#).....
#......###....#†..##.
#......#.'.........##
#......#.#....#....##
#........#....#....#.
#.#....###....####.#.
#.####.###....####.#.
#.)..................


You could see a gnoll shaman.

Vanquished Creatures
  An orc priest (D:3)
  A hound (D:4)
  An iguana (D:4)
  2 orc wizards (D:3)
  3 adders
  3 gnolls
  2 dart slugs
  6 orcs (D:3)
  4 endoplasms
  A giant cockroach (D:2)
  5 hobgoblins
  5 jackals (D:2)
  A quokka (D:2)
  3 ball pythons
  6 bats
  6 frilled lizards
  4 goblins
  7 kobolds
  3 rats
64 creatures vanquished.

Notes
Turn   | Place    | Note
-------+----------+-------------------------------------------
     0 | D:1      | Papr the Demonspawn Venom Mage began the quest for the Orb.
     0 | D:1      | Reached XP level 1. HP: 13/13 MP: 3/3
   105 | D:1      | Reached skill level 1 in Transmutations
   305 | D:1      | Gained mutation: Spells you cast may paralyse adjacent
                  | enemies. [demonic ancestry]
   305 | D:1      | Reached XP level 2. HP: 14/19 MP: 0/5
   398 | D:1      | Found a faded altar of an unknown god.
  1190 | D:2      | Gained mutation: Your demonic aura sometimes causes spilled
                  | blood to erupt in flames. [demonic ancestry]
  1190 | D:2      | Reached XP level 3. HP: 24/24 MP: 3/6
  1362 | D:2      | Learned a level 3 spell: Mephitic Cloud
  1532 | D:2      | You fall into a shaft and drop 1 floor!
  2210 | D:3      | Reached skill level 4 in Poison Magic
  2373 | D:3      | Reached XP level 4. HP: 25/30 MP: 4/7
  2377 | D:3      | Reached skill level 1 in Conjurations
  2384 | D:3      | Reached skill level 1 in Air Magic
  2772 | D:3      | Gained mutation: You have sharp fingernails. [demonic
                  | ancestry]
  2772 | D:3      | Reached XP level 5. HP: 34/35 MP: 2/8
  3675 | D:3      | Slain by a gnoll shaman

Illustrated notes

Levels and vault maps discovered:
D:1:      lemuel_arrival_broad_hall, layout_basic,
          shapermc_ecumenical_altar_pompeii
D:2:      layout_basic, ebering_dispersal_statue_hall
D:3:      layout_basic
D:4:      layout_cave_pods, nicolae_sif_muna_little_library

Skill      XL: |  1  2  3  4  5 |
---------------+----------------+-----
Transmutations | 1 |  1.4
Stealth        | 2 |  2.0
Poison Magic   | 4 |  4.0
Conjurations   | 2 3 |  3.1
Air Magic      | 1 2 |  2.8
Dodging        | |  1.9
Spellcasting   | |  2.1

Action                   |  1- 3 |  4- 6 || total
-------------------------+-------+-------++-------
Melee: Unarmed           |     8 |       ||     8
       Short sword       |     4 |     6 ||    10
       Dagger            |       |    10 ||    10
 Cast: Sting             |    72 |    47 ||   119
  Use: Potion            |     1 |     1 ||     2
       Scroll            |       |     2 ||     2
 Stab: Paralysed         |    10 |    11 ||    21
Armor: Robe              |     4 |     2 ||     6
Dodge: Dodged            |    22 |    15 ||    37
